 Dungeon Crawl Stone Soup version 0.22.1-2-g9c5b331 (webtiles) character file.

179 Fang the Skirmisher (level 5, -1/34 HPs)
             Began as a Gargoyle Berserker on Dec 7, 2018.
             Was a Believer of Trog.
             Blown up by a goblin (14 damage)
             ... with a wand of disintegration (13)
             ... on level 3 of the Dungeon on Dec 9, 2018.
             The game lasted 00:03:55 (2186 turns).

Fang the Skirmisher (Gargoyle Berserker)            Turns: 2186, Time: 00:03:55

Health: -1/34      AC: 13    Str: 21    XL:     5   Next: 59%
Magic:  5/5        EV: 23    Int:  8    God:    Trog [**....]
Gold:   229        SH:  0    Dex:  9    Spells: 4/4 levels left

rFire    . . .     SeeInvis .   a - +0 hand axe
rCold    . . .     Gourm    .   (no shield)
rNeg     + . .     Faith    .   i - +0 chain mail
rPois    ∞         Spirit   .   (no helmet)
rElec    +         Reflect  .   (no cloak)
rCorr    .         Harm     .   (no gloves)
MR       .....                  (no boots)
Stlth    ..........             d - amulet of the acrobat
HPRegen  0.11/turn              (no ring)
MPRegen  0.09/turn              (no ring)

@: no status effects
A: negative energy resistance 1, electricity resistance, unbreathing,
petrification resistance, rot immunity, AC +4
a: Berserk, Trog's Hand, Renounce Religion


You were on level 3 of the Dungeon.
You worshipped Trog.
Trog was pleased with you.
You were hungry.

You visited 1 branch of the dungeon, and saw 3 of its levels.

You collected 229 gold pieces.

Inventory:

Hand Weapons
 a - a +0 hand axe (weapon)
Armour
 i - a +0 chain mail (worn)
Jewellery
 d - an amulet of the acrobat (around neck)
 l - an uncursed ring of wizardry {unknown}
Scrolls
 f - 3 scrolls of identify {unknown}
 g - 4 scrolls of remove curse {unknown}
 k - a scroll of teleportation {unknown}
 m - a scroll of enchant armour {unknown}
Potions
 b - a potion of lignification {unknown}
 e - 2 potions of ambrosia {unknown}
 h - 2 potions of heal wounds {unknown}
 j - a potion of haste {unknown}
Comestibles
 c - 6 rations


   Skills:
 + Level 4.4 Fighting
 + Level 4.1 Axes
 + Level 3.0 Armour
 + Level 2.2 Dodging
 + Level 0.7 Stealth


You had 4 spell levels left.
You didn't know any spells.
Your spell library was empty.

Dungeon Overview and Level Annotations

Branches:
Dungeon (3/15)

Altars:
Fedhas
Gozag
Hepliaklqana
Vehumet
The Shining One


Innate Abilities, Weirdness & Mutations

You are resistant to torment.
Your stone body is resilient. (AC +4)
You are immune to poison.
You resist negative energy. (rN+)
You are resistant to electric shocks. (rElec)
You can survive without breathing.
You are immune to petrification.
You are immune to rotting.


Message History

The goblin zaps a wand.
You are blasted!
Ouch! That really hurt!
It is a wand of disintegration (13).
You see here a club.
You are too injured to fight recklessly!
You are too injured to fight recklessly!
You are too injured to fight recklessly!
A goblin is nearby!
A goblin is nearby!
You are too injured to fight recklessly!
You are too injured to fight recklessly!
You are too injured to fight recklessly!
You are too injured to fight recklessly!
You are too injured to fight recklessly!
You are too injured to fight recklessly!
You are too injured to fight recklessly!
A goblin comes into view.
The goblin shouts!
The goblin zaps a wand.
You are blasted!
You die...

##..###
#.....# #
#.###.# g ..#
.# .# #.###.#
.# #.....#
###g###
##.####
#.....# #....#
######.....#
#..#.#
#...()@....#
##...#
#.####.....#
##.## #.#
#.....# #.#
#.# #######
#.# #.# ##.##
#.#
##.###.#.###..
####.#
#.....###.##.#
.....#
##.###.#.###.#
###### ###
##.## #.#


You could see 2 goblins.

Vanquished Creatures
  Jessica (D:2)
  4 gnolls (D:2)
  5 adders
  2 worms
  A dart slug (D:1)
  2 leopard geckos (D:1)
  3 orcs (D:3)
  3 giant cockroaches
  5 goblins
  5 hobgoblins
  6 jackals
  A quokka (D:3)
  A ball python (D:3)
  9 bats
  A frilled lizard (D:1)
  6 kobolds
  7 rats
  A fungus (D:3)
63 creatures vanquished.

Notes
Turn   | Place    | Note
-------+----------+-------------------------------------------
     0 | D:1      | Fang the Gargoyle Berserker began the quest for the Orb.
     0 | D:1      | Reached XP level 1. HP: 14/14 MP: 1/1
   431 | D:1      | Reached XP level 2. HP: 19/19 MP: 2/2
   926 | D:2      | Noticed Jessica
   944 | D:2      | Killed Jessica
   944 | D:2      | Reached XP level 3. HP: 13/24 MP: 3/3
  1139 | D:2      | Reached XP level 4. HP: 21/29 MP: 4/4
  1266 | D:2      | Found a glowing golden altar of the Shining One.
  1341 | D:2      | Reached ** piety under Trog
  1346 | D:2      | Reached XP level 5. HP: 28/33 MP: 5/5
  1392 | D:2      | Found a radiant altar of Vehumet.
  1398 | D:2      | Found an opulent altar of Gozag.
  2072 | D:3      | Found a blossoming altar of Fedhas.
  2129 | D:3      | Found a hazy altar of Hepliaklqana.
  2186 | D:3      | Blown up by a goblin

Skill      XL: |  1  2  3  4  5 |
---------------+----------------+-----
Axes           | 3 4 |  4.1
Dodging        | 2 |  2.2
Fighting       | 4 |  4.4
Armour         | 3 |  3.0
Stealth        | |  0.7

Action                   |  1- 3 |  4- 6 || total
-------------------------+-------+-------++-------
Melee: Hand axe          |    97 |   201 ||   298
Invok: Berserk           |     1 |     1 ||     2
  Eat: Chunk             |       |     6 ||     6
Armor: Animal skin       |    11 |       ||    11
       Chain mail        |    32 |   148 ||   180
Dodge: Dodged            |    55 |   114 ||   169
